 Dungeon Crawl Stone Soup version 0.18-a0-952-g309898a (webtiles) character file.

152 Duffy the Skirmisher (level 5, 0/30 HPs)
             Began as a Vine Stalker Wizard on Dec 31, 2015.
             Succumbed to poison (a potion of poison)
             ... on level 2 of the Dungeon.
             The game lasted 00:03:14 (2374 turns).

Duffy the Skirmisher (Vine Stalker Wizard)          Turns: 2374, Time: 00:03:14

Health: 0/30       AC:  8    Str:  9    XL:     5   Next: 34%
Magic:  8/10       EV: 12    Int: 19    God:
Gold:   43         SH:  0    Dex: 13    Spells: 1 memorised, 9 levels left

rFire  . . .     SeeInvis .     j - +2 dagger (protect)
rCold  . . .     Gourm    .     a - +0 robe
rNeg   . . .     Faith    .     (no shield)
rPois  .         Spirit   +     b - +0 hat
rElec  .         Dismiss  .     (no cloak)
rCorr  .         Reflect  .     e - +0 pair of gloves
SustAt .         Harm     .     (no boots)
MR     .....                    (no amulet)
Stlth  ++........               (no ring)
                                (no ring)

@: lethally poisoned (0 -> -25), not resistant to hostile enchantments,
unstealthy
A: fangs 2, regeneration 1, magic shield, antimagic bite, no device heal 3, rot
immunity
a: no special abilities


You were on level 2 of the Dungeon.
You were hungry.

You visited 1 branch of the dungeon, and saw 2 of its levels.

You collected 43 gold pieces.


Innate Abilities, Weirdness & Mutations

You have extremely sharp teeth.
Your natural rate of healing is unusually fast.
When hurt, damage is shared between your health and your magic reserves.
Your bite disrupts and absorbs the magic of your enemies.
Potions and wands cannot restore your health.
You are immune to rotting.


   Skills:
 + Level 4.4 Fighting
 - Level 1.5 Dodging
 - Level 2.4 Stealth
 - Level 3.2 Spellcasting
 - Level 1.0 Conjurations
   Level 1.0 Summonings
   Level 1.0 Translocations


You had 9 spell levels left.
You knew the following spells:

 Your Spells              Type           Power        Failure   Level  Hunger
a - Magic Dart            Conj           #...         12%         1    None

Inventory:

Hand Weapons
 j - a +2 dagger of protection (weapon)
Missiles
 g - 14 poisoned needles
Armour
 a - a +0 robe (worn)
 b - a +0 hat (worn)
 e - a +0 pair of gloves (worn)
Wands
 r - a wand of flame (13/48)
Scrolls
 k - 2 scrolls of amnesia {unknown}
 l - a scroll of enchant armour {unknown}
 p - a scroll of magic mapping {unknown}
 q - a scroll of random uselessness {unknown}
Potions
 i - a potion of heal wounds
Books
 c - a book of Minor Magic
Comestibles
 d - 2 bread rations
 f - a slice of pizza
 h - a beef jerky
 n - a royal jelly
 o - 6 chunks of flesh

Dungeon Overview and Level Annotations

Branches:
Dungeon (2/15)

Altars:
The Shining One


Message History

The giant gecko bites you.
You are too injured to fight recklessly!
You are too injured to fight recklessly!
You are too injured to fight recklessly!
You are too injured to fight recklessly!
You are too injured to fight recklessly!
You are too injured to fight recklessly!
You are too injured to fight recklessly!
You are too injured to fight recklessly!
You are too injured to fight recklessly!
You are too injured to fight recklessly!
You are too injured to fight recklessly!
You are too injured to fight recklessly!
You are too injured to fight recklessly!
You are too injured to fight recklessly!
You are too injured to fight recklessly!
You are too injured to fight recklessly!
You are too injured to fight recklessly!
You feel sick.
You see here 2 stones.
You feel sick. The giant gecko bites you.
Things that are here:
a dagger of speed; a kobold corpse You feel sick.
Drink which item? (? for menu, Esc to quit)
It was a potion of heal wounds.
That seemed strangely inert.
You feel sick.
The giant gecko bites you but does no damage.
Some of the chunks of flesh in your inventory have rotted away.
Drink which item? (? for menu, Esc to quit)
It was a potion of poison.
That liquid tasted very nasty...
You are more poisoned.
You feel very sick. The giant gecko closely misses you.
You feel very sick.
The giant gecko bites you but does no damage.
You die...

...................}..P
.....................P~
.......<....#........P~
................ .#...
......).....#... ##'..
#.%.# ... #_##. ###K##
#.#. ###.. #.l.#
#.##..#..# #@#.#
#.###.....
#7.777####.....###.
#...77.....#### #..
#7..P7.###.######.#
7P....###.##......
77777..).....##...
....#..#.)P.#...
....##P.....#...
...#...7..#....


You could see a giant gecko and a kobold.

Action                   |  1- 3 |  4- 6 || total
-------------------------+-------+-------++-------
Melee: Dagger            |    40 |    69 ||   109
 Cast: Magic Dart        |    79 |    31 ||   110
  Use: Potion            |       |     2 ||     2
 Stab: Sleeping          |       |     1 ||     1
  Eat: Chunk             |     3 |     1 ||     4

Notes
Turn   | Place    | Note
--------------------------------------------------------------
     0 | D:1      | Duffy the Vine Stalker Wizard began the quest for the Orb.
     0 | D:1      | Reached XP level 1. HP: 9/9 MP: 5/5
   147 | D:1      | Reached skill level 1 in Fighting
   297 | D:1      | Reached XP level 2. HP: 14/14 MP: 0/7
   948 | D:1      | Reached skill level 2 in Fighting
  1257 | D:1      | Reached XP level 3. HP: 18/18 MP: 5/8
  1873 | D:2      | Reached skill level 3 in Fighting
  1878 | D:2      | Reached XP level 4. HP: 24/24 MP: 6/9
  1990 | D:2      | Noticed Natasha
  2003 | D:2      | Killed Natasha
  2005 | D:2      | Found a glowing golden altar of the Shining One.
  2074 | D:2      | Noticed Natasha
  2086 | D:2      | Killed Natasha
  2165 | D:2      | Noticed Natasha
  2182 | D:2      | Killed Natasha
  2182 | D:2      | Reached skill level 4 in Fighting
  2182 | D:2      | Reached XP level 5. HP: 8/29 MP: 2/10
  2374 | D:2      | Succumbed to poison (a potion of poison)

Vault maps used:
D:1:      dpeg_arrival_water_temple_mockup
D:2:      tso_oasis_becter, first_bread, serial_forest, infiniplex_forest_pool,
          infiniplex_forest_lined_2, infiniplex_forest_corner_2,
          infiniplex_forest_corner_1, infiniplex_forest_clump_diagonal,
          infiniplex_forest_clump_long, infiniplex_forest_end_2, uniq_natasha

Vanquished Creatures
  Natasha (thrice)
  2 adders
  2 worms
  4 giant geckos
  8 goblins
  4 hobgoblins
  7 jackals
  8 kobolds
  2 ball pythons
  6 bats
  2 giant cockroaches
  3 giant newts
  8 rats
59 creatures vanquished.
